[ AOE2 MATCH · #505297714 ]
UnrankedHindustanis vs Vikings
Rival team · LOSS
[ REPLAY ANALYSIS · EXTRACTED FROM THE RECORDED GAME ]
Feudal
12:57
Castle
24:03
Imperial
—
| APM avg | 61.4 |
| APM peak | 97 |
| eAPM avg | 24.0 |
| Villagers / military | 58 / 47 |
Focus
⚔️ 45.8% · 🌾 54.2%
Archer ×16 · Skirmisher ×14 · Militia ×11 · Mangonel ×6
Feudal
10:01
Castle
22:45
Imperial
—
| APM avg | 58.5 |
| APM peak | 96 |
| eAPM avg | 28.7 |
| Villagers / military | 106 / 74 |
Focus
⚔️ 46.9% · 🌾 53.1%
Skirmisher ×51 · Archer ×23
Match map
Initial resources + every placement click. Lines = walls · curves = elevation contours. ◆ gold · ⬟ stone · ● berries · ✦ relic · ◌ wall gap
Your base· Open — 5t gap
Gérard William Franz Emilio's base· Open — 3t gap
Smoothed initial terrain · ◌ = detected wall gap · hover for details
Inputs per minute
— DS_Biry - - Gérard William Franz Emilio
Build order — DS_Biry
First 150 of 197 actions detected
| 0:01 | Create | Villager (Male) |
| 0:02 | Create | Villager (Male) |
| 0:02 | Create | Villager (Male) |
| 0:02 | Create | Villager (Male) |
| 0:03 | Build | House |
| 0:04 | Build | House |
| 1:12 | Create | Villager (Male) |
| 1:12 | Create | Villager (Male) |
| 2:00 | Create | Villager (Male) |
| 2:00 | Create | Villager (Male) |
| 2:24 | Create | Villager (Male) |
| 2:24 | Create | Villager (Male) |
| 2:42 | Build | Barracks |
| 3:17 | Create | Villager (Male) |
| 3:17 | Create | Villager (Male) |
| 3:18 | Create | Villager (Male) |
| 3:23 | Build | House |
| 3:37 | Create | Militia |
| 3:37 | Create | Militia |
| 3:37 | Create | Militia |
| 3:49 | Create | Villager (Male) |
| 4:11 | Create | Militia |
| 4:11 | Create | Militia |
| 4:11 | Create | Militia |
| 4:30 | Build | House |
| 4:37 | Create | Villager (Male) |
| 5:02 | Create | Villager (Male) |
| 5:09 | Create | Militia |
| 5:10 | Create | Militia |
| 5:25 | Create | Villager (Male) |
| 5:35 | Build | House |
| 5:39 | Build | Palisade Wall |
| 5:41 | Create | Militia |
| 5:41 | Create | Militia |
| 5:47 | Build | Palisade Wall |
| 5:47 | Build | Palisade Wall |
| 5:49 | Create | Villager (Male) |
| 5:49 | Create | Villager (Male) |
| 5:49 | Create | Villager (Male) |
| 6:06 | Build | Palisade Wall |
| 6:07 | Create | Villager (Male) |
| 6:07 | Create | Villager (Male) |
| 6:29 | Build | Mill |
| 6:37 | Create | Villager (Male) |
| 6:41 | Create | Militia |
| 6:51 | Build | Palisade Wall |
| 6:51 | Build | Palisade Wall |
| 6:51 | Build | Palisade Wall |
| 6:52 | Build | Palisade Wall |
| 6:52 | Build | Palisade Wall |
| 6:52 | Build | Palisade Wall |
| 6:53 | Build | Palisade Wall |
| 6:57 | Create | Villager (Male) |
| 6:57 | Create | Villager (Male) |
| 7:33 | Create | Villager (Male) |
| 7:53 | Create | Villager (Male) |
| 8:09 | Build | Lumber Camp |
| 8:18 | Create | Villager (Male) |
| 8:40 | Create | Villager (Male) |
| 8:50 | Research | Loom |
| 9:07 | Build | Farm |
| 9:17 | Create | Villager (Male) |
| 9:29 | Build | Farm |
| 9:34 | Build | House |
| 9:50 | Create | Villager (Male) |
| 9:53 | Build | Farm |
| 10:12 | Build | Palisade Wall |
| 10:13 | Build | Palisade Wall |
| 10:47 | Research | Feudal Age |
| 10:47 | Research | Feudal Age |
| 10:53 | Build | Palisade Wall |
| 10:59 | Build | Palisade Wall |
| 11:02 | Build | Palisade Wall |
| 11:17 | Build | Palisade Wall |
| 11:23 | Build | Farm |
| 11:29 | Build | Palisade Wall |
| 12:18 | Build | Palisade Wall |
| 12:36 | Create | Villager (Male) |
| 12:39 | Build | Mining Camp |
| 12:57 | Age | Feudal Age |
| 12:59 | Build | Archery Range |
| 13:05 | Research | Double-Bit Axe |
| 13:05 | Create | Villager (Male) |
| 13:19 | Create | Villager (Male) |
| 13:27 | Build | House |
| 13:43 | Create | Skirmisher |
| 13:43 | Create | Skirmisher |
| 13:47 | Build | House |
| 14:00 | Build | Palisade Wall |
| 14:03 | Build | House |
| 14:07 | Build | House |
| 14:16 | Create | Skirmisher |
| 14:16 | Create | Skirmisher |
| 14:20 | Create | Villager (Male) |
| 14:24 | Build | House |
| 14:29 | Research | Man-at-Arms (upgrade) |
| 14:29 | Create | Villager (Male) |
| 14:34 | Build | Palisade Wall |
| 14:40 | Create | Villager (Male) |
| 14:41 | Create | Villager (Male) |
| 14:43 | Build | Farm |
| 14:53 | Create | Villager (Male) |
| 15:07 | Create | Skirmisher |
| 15:20 | Create | Villager (Male) |
| 15:38 | Create | Villager (Male) |
| 15:40 | Build | Blacksmith |
| 15:48 | Create | Skirmisher |
| 15:51 | Build | House |
| 16:27 | Create | Villager (Male) |
| 16:29 | Build | House |
| 16:34 | Create | Villager (Male) |
| 16:42 | Research | Fletching |
| 16:42 | Research | Fletching |
| 16:54 | Create | Skirmisher |
| 16:58 | Create | Villager (Male) |
| 17:00 | Build | Farm |
| 17:06 | Create | Skirmisher |
| 17:09 | Build | House |
| 17:15 | Build | Farm |
| 17:27 | Research | Padded Archer Armor |
| 17:27 | Research | Padded Archer Armor |
| 17:30 | Build | Palisade Wall |
| 17:43 | Create | Villager (Male) |
| 17:45 | Build | Farm |
| 17:55 | Create | Archer |
| 17:56 | Build | Archery Range |
| 18:04 | Build | Farm |
| 18:06 | Build | Farm |
| 18:18 | Create | Archer |
| 18:30 | Create | Villager (Male) |
| 18:31 | Build | Farm |
| 18:34 | Build | Farm |
| 18:35 | Build | House |
| 18:42 | Build | House |
| 18:44 | Build | House |
| 18:49 | Create | Archer |
| 18:50 | Create | Archer |
| 18:57 | Create | Villager (Male) |
| 19:00 | Create | Archer |
| 19:00 | Create | Archer |
| 19:12 | Create | Villager (Male) |
| 19:13 | Build | Farm |
| 19:17 | Build | House |
| 19:19 | Build | Farm |
| 19:43 | Build | Market |
| 19:58 | Build | House |
| 20:03 | Create | Archer |
| 20:03 | Create | Archer |
| 20:03 | Create | Archer |
| 20:08 | Build | Farm |
Build order — Gérard William Franz Emilio
First 150 of 239 actions detected
| 0:00 | Create | Villager (Male) ×4 |
| 0:00 | Create | Villager (Male) ×4 |
| 0:00 | Create | Villager (Male) ×4 |
| 0:02 | Build | House |
| 0:05 | Build | House |
| 1:23 | Create | Villager (Male) |
| 1:23 | Create | Villager (Male) |
| 1:23 | Create | Villager (Male) |
| 1:23 | Create | Villager (Male) |
| 1:58 | Create | Villager (Male) |
| 1:58 | Create | Villager (Male) |
| 1:58 | Create | Villager (Male) |
| 1:58 | Create | Villager (Male) |
| 1:58 | Create | Villager (Male) |
| 2:05 | Build | Lumber Camp |
| 2:14 | Create | Villager (Male) |
| 2:14 | Create | Villager (Male) |
| 2:14 | Create | Villager (Male) |
| 2:14 | Create | Villager (Male) |
| 2:45 | Create | Villager (Male) |
| 2:45 | Create | Villager (Male) |
| 2:45 | Create | Villager (Male) |
| 2:45 | Create | Villager (Male) |
| 2:45 | Create | Villager (Male) |
| 2:45 | Create | Villager (Male) |
| 3:03 | Create | Villager (Male) |
| 3:03 | Create | Villager (Male) |
| 3:03 | Create | Villager (Male) |
| 3:03 | Create | Villager (Male) |
| 3:03 | Create | Villager (Male) |
| 3:03 | Create | Villager (Male) |
| 3:30 | Create | Villager (Male) |
| 3:30 | Create | Villager (Male) |
| 3:30 | Create | Villager (Male) |
| 3:30 | Create | Villager (Male) |
| 3:30 | Create | Villager (Male) |
| 3:55 | Build | House |
| 4:05 | Create | Villager (Male) |
| 4:06 | Create | Villager (Male) |
| 4:06 | Create | Villager (Male) |
| 4:06 | Create | Villager (Male) |
| 4:06 | Create | Villager (Male) |
| 4:11 | Build | House |
| 4:20 | Create | Villager (Male) |
| 4:20 | Create | Villager (Male) |
| 4:21 | Create | Villager (Male) |
| 4:21 | Create | Villager (Male) |
| 4:55 | Build | Barracks |
| 5:24 | Create | Villager (Male) |
| 5:27 | Build | Palisade Wall |
| 5:30 | Build | Barracks |
| 5:37 | Create | Villager (Male) |
| 5:38 | Build | Palisade Wall |
| 5:38 | Build | Palisade Wall |
| 6:00 | Create | Villager (Male) |
| 6:18 | Research | Loom |
| 6:20 | Build | House |
| 6:51 | Create | Villager (Male) |
| 7:26 | Build | Palisade Wall |
| 7:51 | Research | Feudal Age |
| 7:51 | Research | Feudal Age |
| 7:51 | Research | Feudal Age |
| 7:51 | Research | Feudal Age |
| 7:51 | Research | Feudal Age |
| 7:51 | Research | Feudal Age |
| 8:53 | Build | Mining Camp |
| 8:59 | Create | Villager (Male) |
| 9:12 | Build | House |
| 9:28 | Build | Palisade Wall |
| 9:29 | Build | Palisade Wall |
| 9:29 | Build | Palisade Wall |
| 9:46 | Build | Palisade Wall |
| 10:01 | Age | Feudal Age |
| 10:04 | Build | Archery Range |
| 10:13 | Build | House |
| 10:16 | Create | Villager (Male) |
| 10:40 | Create | Archer |
| 10:52 | Build | House |
| 10:54 | Create | Villager (Male) |
| 11:09 | Build | Lumber Camp |
| 11:11 | Create | Archer |
| 11:14 | Create | Villager (Male) |
| 11:32 | Build | Blacksmith |
| 11:36 | Create | Villager (Male) |
| 11:37 | Create | Archer |
| 11:37 | Create | Villager (Male) |
| 11:51 | Create | Archer |
| 11:57 | Create | Archer |
| 11:57 | Create | Archer |
| 12:05 | Create | Archer |
| 12:27 | Create | Archer |
| 12:27 | Create | Archer |
| 12:48 | Build | Mill |
| 12:55 | Build | House |
| 13:24 | Research | Fletching |
| 13:24 | Research | Fletching |
| 13:24 | Research | Fletching |
| 13:24 | Research | Fletching |
| 13:24 | Research | Fletching |
| 13:24 | Research | Fletching |
| 13:25 | Build | Farm |
| 13:26 | Build | Farm |
| 13:26 | Build | Farm |
| 13:26 | Build | Farm |
| 13:26 | Build | Farm |
| 13:26 | Build | Farm |
| 13:28 | Create | Archer |
| 13:31 | Build | House |
| 13:43 | Create | Archer |
| 13:50 | Create | Archer |
| 14:12 | Create | Villager (Male) |
| 14:12 | Create | Villager (Male) |
| 14:12 | Create | Villager (Male) |
| 14:12 | Create | Villager (Male) |
| 14:17 | Build | Farm |
| 14:19 | Create | Archer |
| 14:27 | Build | House |
| 14:38 | Create | Villager (Male) |
| 14:38 | Create | Villager (Male) |
| 14:38 | Create | Villager (Male) |
| 14:38 | Create | Villager (Male) |
| 14:38 | Create | Villager (Male) |
| 14:39 | Create | Archer |
| 14:45 | Create | Archer |
| 14:45 | Create | Archer |
| 14:53 | Create | Archer |
| 15:04 | Create | Villager (Male) |
| 15:05 | Build | House |
| 15:24 | Create | Villager (Male) ×2 |
| 15:24 | Create | Villager (Male) ×2 |
| 15:24 | Create | Villager (Male) ×2 |
| 15:24 | Create | Villager (Male) ×2 |
| 15:33 | Create | Archer ×3 |
| 15:44 | Create | Villager (Male) |
| 16:20 | Build | Farm |
| 16:22 | Build | Farm |
| 16:29 | Build | Palisade Wall |
| 16:34 | Create | Archer |
| 16:43 | Build | Palisade Wall |
| 16:45 | Build | Palisade Wall |
| 16:48 | Create | Villager (Male) |
| 16:49 | Create | Archer |
| 16:58 | Create | Villager (Male) ×3 |
| 17:00 | Build | Farm |
| 17:03 | Research | Double-Bit Axe |
| 17:09 | Create | Villager (Male) ×3 |
| 17:43 | Build | Palisade Wall |
| 17:44 | Build | House |
| 17:45 | Create | Villager (Male) |
| 17:51 | Create | Skirmisher |
Match timeline
| 2:42 | DS_Biry · first_building Barracks |
| 4:55 | Gérard William Franz Emilio · first_building Barracks |
| 5:27 | Gérard William Franz Emilio · wall_segment Palisade Wall x1 |
| 5:38 | Gérard William Franz Emilio · wall_segment Palisade Wall x1 |
| 5:38 | Gérard William Franz Emilio · wall_segment Palisade Wall x1 |
| 5:39 | DS_Biry · wall_segment Palisade Wall x3 |
| 5:47 | DS_Biry · wall_segment Palisade Wall x1 |
| 5:47 | DS_Biry · wall_segment Palisade Wall x1 |
| 6:06 | DS_Biry · wall_segment Palisade Wall x4 |
| 6:51 | DS_Biry · wall_segment Palisade Wall x1 |
| 6:51 | DS_Biry · wall_segment Palisade Wall x1 |
| 6:51 | DS_Biry · wall_segment Palisade Wall x2 |
| 6:52 | DS_Biry · wall_segment Palisade Wall x1 |
| 6:52 | DS_Biry · wall_segment Palisade Wall x2 |
| 6:52 | DS_Biry · wall_segment Palisade Wall x1 |
| 6:53 | DS_Biry · wall_segment Palisade Wall x1 |
| 7:26 | Gérard William Franz Emilio · wall_segment Palisade Wall x1 |
| 9:28 | Gérard William Franz Emilio · wall_segment Palisade Wall x1 |
| 9:29 | Gérard William Franz Emilio · wall_segment Palisade Wall x1 |
| 9:29 | Gérard William Franz Emilio · wall_segment Palisade Wall x1 |
| 9:46 | Gérard William Franz Emilio · wall_segment Palisade Wall x1 |
| 10:01 | Gérard William Franz Emilio · age_up feudal |
| 10:04 | Gérard William Franz Emilio · first_building Archery Range |
| 10:12 | DS_Biry · wall_segment Palisade Wall x8 |
| 10:13 | DS_Biry · wall_segment Palisade Wall x1 |
| 10:53 | DS_Biry · wall_segment Palisade Wall x1 |
| 10:59 | DS_Biry · wall_segment Palisade Wall x1 |
| 11:02 | DS_Biry · wall_segment Palisade Wall x1 |
| 11:17 | DS_Biry · wall_segment Palisade Wall x1 |
| 11:29 | DS_Biry · wall_segment Palisade Wall x10 |
| 12:18 | DS_Biry · wall_segment Palisade Wall x6 |
| 12:57 | DS_Biry · age_up feudal |
| 12:59 | DS_Biry · first_building Archery Range |
| 14:00 | DS_Biry · wall_segment Palisade Wall x1 |
| 14:34 | DS_Biry · wall_segment Palisade Wall x1 |
| 16:29 | Gérard William Franz Emilio · wall_segment Palisade Wall x1 |
| 16:43 | Gérard William Franz Emilio · wall_segment Palisade Wall x1 |
| 16:45 | Gérard William Franz Emilio · wall_segment Palisade Wall x1 |
| 17:30 | DS_Biry · wall_segment Palisade Wall x12 |
| 17:43 | Gérard William Franz Emilio · wall_segment Palisade Wall x1 |
| 18:41 | Gérard William Franz Emilio · first_market_buy 100 food |
| 19:56 | Gérard William Franz Emilio · first_market_sell 100 stone |
| 20:48 | DS_Biry · first_market_sell 100 stone |
| 20:49 | DS_Biry · first_market_buy 100 food |
| 22:45 | Gérard William Franz Emilio · age_up castle |
| 24:03 | DS_Biry · age_up castle |
| 24:09 | DS_Biry · first_building Siege Workshop |
| 26:13 | DS_Biry · wall_segment Palisade Wall x1 |
| 26:14 | DS_Biry · wall_segment Palisade Wall x1 |
| 26:31 | Gérard William Franz Emilio · resign |
[ AI ANALYSIS · 1 CREDIT ]
What really happened in this match?
Wolo.gg analyzes every decision: build order, eco, micro, common mistakes by bracket. Personalized analysis on WhatsApp or Discord in 30 seconds.
Civ guide
Hindustanis
Perfil
Jugador #12952693